 Dungeon Crawl Stone Soup version 0.29.1-4-g47bece8355 (webtiles) character file.

Game seed: 2121592170494093768

588 styxcanada the Covert (level 7, -2/35 HPs)
             Began as a Spriggan Brigand on Dec 9, 2022.
             Was an Initiate of Gozag.
             Slain by a steam dragon (3 damage)
             ... on level 5 of the Dungeon.
             The game lasted 00:17:00 (5132 turns).

styxcanada the Covert (Spriggan Brigand)            Turns: 5132, Time: 00:17:01

Health: -2/35      AC:  3    Str: 12    XL:     7   Next: 15%
Magic:  10/10      EV: 18    Int: 13    God:    Gozag
Gold:   204        SH:  5    Dex: 18    Spells: 8/9 levels left

rFire   . . .      SeeInvis +   a - +3 dagger (vorpal)
rCold   . . .      Faith    .   (no shield)
rNeg    . . .      Spirit   .   b - +0 robe
rPois   .          Reflect  +   (helmet restricted)
rElec   .          Harm     .   c - +0 cloak
rCorr   .          Rampage  .   (gloves unavailable)
Will    +....                   (boots unavailable)
Stlth   +++++.....              d - amulet of reflection
HPRegen 0.11/turn               f - ring of Leaves {Wiz Str+5 SInv}
MPRegen 0.12/turn               (no ring)

@: very quick
A: very small, no large weapons, unfitting armour, see invisible, speed 3
a: Renounce Religion, Potion Petition, Call Merchant, Bribe Branch


You were on level 5 of the Dungeon.
You worshipped Gozag.
Gozag was aware of your devotion.
You visited 2 branches of the dungeon, and saw 6 of its levels.

You collected 316 gold pieces.
You paid 112 gold pieces to Gozag.

Inventory:

Hand Weapons
 a - a +3 vorpal dagger (weapon)
 l - a +0 sling
Missiles
 g - 24 stones
 i - 6 poisoned darts (quivered)
 j - a curare-tipped dart
Armour
 b - a +0 robe (worn)
 c - a +0 cloak (worn)
Jewellery
 d - an amulet of reflection (around neck)
 f - the ring of Leaves (left hand) {Wiz Str+5 SInv}
   (You acquired it on level 1 of the Dungeon)

   [ring of wizardry]

   It improves your spell success rate.
   Str:       It affects your strength (+5).
   SInv:      It lets you see invisible.
Wands
 e - a wand of paralysis (22)
Scrolls
 h - 2 scrolls of blinking
 m - a scroll of teleportation
Potions
 k - a potion of curing
 n - a potion of heal wounds {unknown}


   Skills:
 * Level 2.5 Fighting
 + Level 3.3 Short Blades
 + Level 3.1 Throwing
 * Level 3.3 Dodging
 * Level 9.9 Stealth
 * Level 1.5 Spellcasting
 * Level 0.6 Conjurations
 * Level 0.6 Fire Magic
 * Level 1.4 Evocations


You had 8 spell levels left.
You knew the following spells:

 Your Spells              Type           Power      Damage    Failure   Level
a - Foxfire               Conj/Fire      8%         2x1d4     9%          1

Your spell library contained the following spells:

 Spells                   Type           Power      Damage    Failure   Level
 Freeze                   Ice            4%         1d3       11%         1
 Conjure Flame            Conj/Fire      2%         6-21      24%         3
 Inner Flame              Hex/Fire       1%         N/A       26%         3
 Ozocubu's Armour         Ice            1%         N/A       32%         3
 Flame Wave               Conj/Fire      2%         2d4       58%         4
 Metabolic Englaciation   Hex/Ice        0%         N/A       95%         5
 Simulacrum               Ice/Necr       Unusable   N/A       N/A         6

Dungeon Overview and Level Annotations

Branches:
Dungeon (5/15)             Temple (1/1) D:5

Altars:
Cheibriados
Dithmenos
Elyvilon
Fedhas
Gozag
Hepliaklqana
Nemelex Xobeh
Okawaru
Qazlal
Sif Muna
Trog
Xom
Yredelemnul
Zin
The Shining One


Innate Abilities, Weirdness & Mutations

You are very small and have problems with some larger weapons.
You are too small for most types of armour.
You have supernaturally acute eyesight. (SInv)
You cover ground extremely quickly. (Speed+++)


Message History

You hit the steam dragon but do no damage.
The steam dragon bites you! The steam dragon barely misses you.
You puncture the steam dragon!
The steam dragon is moderately wounded.
You hit the steam dragon.
The steam dragon is moderately wounded.
The steam dragon breathes steam at you. The ball of steam hits you!
You hit the steam dragon but do no damage.
The steam dragon is moderately wounded.
You are engulfed in a cloud of scalding steam.
The steam dragon misses you. You block the steam dragon's attack.
You hit the steam dragon.
The steam dragon is heavily wounded.
You are engulfed in a cloud of scalding steam.
* * * LOW HITPOINT WARNING * * *
The steam dragon breathes steam at you. The ball of steam misses you.
You hit the steam dragon.
The steam dragon is heavily wounded.
You are engulfed in a cloud of scalding steam.
* * * LOW HITPOINT WARNING * * *
You block the steam dragon's attack.
The steam dragon claws you but does no damage.
It was a potion of curing.
You feel better.
You are engulfed in a cloud of scalding steam.
* * * LOW HITPOINT WARNING * * *
The steam dragon bites you.
* * * LOW HITPOINT WARNING * * *
The steam dragon barely misses you.
Throw: 7 darts (poison)
Press: ? - help, Q - select action, (/) - cycle Shift-Dir - straight line, f - steam dragon
Aim: a steam dragon (heavily wounded, catching its breath, 63% to hit)
You throw a poisoned dart.
The poisoned dart hits the steam dragon!
The steam dragon is poisoned.
The steam dragon is heavily wounded.
You block the steam dragon's attack. The steam dragon claws you.
You die...
Your body crumbles into a pile of gold.

#.## ##..... #.#
##...# ####.####
##'## #.......# #.#
#.##.##.# #.#
#.##.##.#### ##.##
#.##......[###...#
#D#####.##.##.....
#@# #.##.###...#
#.#####.#...###.##
#.ยง.....##........
##################


You could see a steam dragon (very poisoned, catching breath).

Vanquished Creatures
  Sigmund (D:2)
  A black bear (D:4)
  A scorpion (D:5)
  A hound (D:4)
  An iguana (D:4)
  Natasha (twice) (D:3)
  4 gnolls (D:4)
  6 adders
  An ufetubus (D:5)
  3 worms
  A dart slug (D:4)
  3 orcs
  13 endoplasms
  4 goblins
  4 hobgoblins
  A quokka (D:4)
  5 ball pythons
  11 bats
  6 frilled lizards
  6 kobolds
  6 rats
81 creatures vanquished.

Vanquished Creatures (others)
  3 fungi (D:3)
3 creatures vanquished.

Grand Total: 84 creatures vanquished

Notes
Turn   | Place    | Note
-------+----------+-------------------------------------------
     0 | D:1      | styxcanada the Spriggan Brigand began the quest for the
                  | Orb.
     0 | D:1      | Reached XP level 1. HP: 10/10 MP: 2/2
    64 | D:1      | Reached skill level 6 in Stealth
   161 | D:1      | Reached XP level 2. HP: 10/14 MP: 3/3
   671 | D:1      | Reached skill level 7 in Stealth
   722 | D:1      | Identified a scroll of acquirement
   722 | D:1      | Acquired the ring of Leaves {Wiz Str+5 SInv}
   904 | D:2      | Reached XP level 3. HP: 15/18 MP: 4/4
  1331 | D:2      | Noticed Sigmund
  1376 | D:2      | Killed Sigmund
  1377 | D:2      | Reached skill level 8 in Stealth
  1377 | D:2      | Reached XP level 4. HP: 18/23 MP: 5/5
  1377 | D:2      | Reached XP level 5. HP: 21/26 MP: 6/6
  2178 | D:3      | Found a stormy altar of Qazlal.
  2179 | D:3      | Noticed a water elemental
  2179 | D:3      | Noticed a fire elemental
  2179 | D:3      | Noticed an air elemental
  2284 | D:3      | Reached skill level 9 in Stealth
  2394 | D:3      | Found a faded altar of an unknown god.
  2397 | D:3      | Got Plato's Essays on Graupel
  2565 | D:3      | Noticed Natasha
  2589 | D:3      | Killed Natasha
  2590 | D:3      | Reached XP level 6. HP: 18/30 MP: 7/7
  2601 | D:3      | Noticed Natasha
  2612 | D:3      | Killed Natasha
  3198 | D:3      | Learned a level 1 spell: Foxfire
  3858 | D:4      | Found a white marble altar of Elyvilon.
  3915 | D:4      | Reached skill level 1 in Spellcasting
  3921 | D:4      | Reached skill level 1 in Evocations
  4876 | D:5      | Entered Level 5 of the Dungeon
  4892 | D:5      | Found a staircase to the Ecumenical Temple.
  4895 | D:5      | Reached XP level 7. HP: 35/35 MP: 8/10
  4898 | Temple   | Entered the Ecumenical Temple
  4973 | Temple   | Became a worshipper of Gozag Ym Sagoz the Greedy
  5122 | D:5      | Noticed a steam dragon
  5131 | D:5      | HP: 1/35 [steam dragon (2)]
  5132 | D:5      | Slain by a steam dragon

Illustrated notes

Levels and vault maps discovered:
D:1:      wander_arrival_fairy_ring, layout_basic
D:2:      layout_loops_cross, minmay_split_cup_large, uniq_sigmund
D:3:      layout_basic, nicolae_qazlal_style_of_elements,
          shapermc_ecumenical_altar_rom_forum, uniq_natasha
D:4:      layout_gridville, marbit_many_paths
D:5:      layout_loops_corners, minmay_temple_entry_arrows, serial_shops, shop,
          minmay_misc_feat_nine_boxes, uniq_ijyb
Temple:   dshaligram_water_room_temple

Skill      XL: |  1  2  3  4  5  6 |
---------------+-------------------+-----
Stealth        | 6 7 8 9 |  9.9
Fighting       | 2 |  2.5
Dodging        | 2 3 |  3.3
Short Blades   | 3 |  3.3
Throwing       | 3 |  3.1
Spellcasting   | 1 |  1.5
Evocations     | 1 |  1.4
Conjurations   | |  0.6
Fire Magic     | |  0.6

Action                   |  1- 3 |  4- 6 |  7- 9 || total
-------------------------+-------+-------+-------++-------
Melee: Dagger            |    70 |    86 |    15 ||   171
Throw: Dart              |    21 |    39 |     1 ||    61
       Stone             |       |     9 |       ||     9
  Use: Scroll            |     4 |     8 |       ||    12
       Potion            |       |       |     1 ||     1
 Stab: Sleeping          |    15 |    16 |     2 ||    33
       Distracted        |       |     1 |       ||     1
Armor: Robe              |    10 |     6 |     2 ||    18
Dodge: Dodged            |    42 |    49 |     8 ||    99
Block: Other             |       |     2 |     7 ||     9
